 Dungeon Crawl Stone Soup version 0.31-a0-1522-g43313d8a59 (webtiles) character file.

Game seed: 17771908398432854756

77 AstroCodex24 the Shield-Bearer (level 3, 0/31 HPs)
             Began as a Demigod Fighter on Dec 30, 2023.
             Slain by an orc
             ... wielding a +0 trident
              (3 damage)
             ... on level 4 of the Dungeon.
             The game lasted 00:02:09 (523 turns).

AstroCodex24 the Shield-Bearer (Demigod Fighter)     Turns: 523, Time: 00:02:10

Health: 0/31       AC:  7    Str: 21    XL:     3   Next: 92%
Magic:  5/5        EV:  9    Int: 10    God:
Gold:   38         SH:  4    Dex: 13    Spells: 2/2 levels left

rFire   . . .        a - +0 war axe
rCold   . . .        c - +0 buckler
rNeg    . . .        b - +0 scale mail
rPois   .            (no helmet)
rElec   .            (no cloak)
rCorr   .            g - +0 pair of gloves
SInv    .            (no boots)
Will    .....        (no amulet) Stlth
                     (no ring)
HPRegen 0.25/turn    (no ring)
MPRegen 0.09/turn

%: no passive effects
@: no status effects
A: high MP 1, forlorn, divine attributes
a: no special abilities


You were on level 4 of the Dungeon.
You visited 1 branch of the dungeon, and saw 5 of its levels.

You collected 38 gold pieces.

Inventory:

Hand Weapons
 a - a +0 war axe (weapon)
Armour
 b - a +0 scale mail (worn)
 c - a +0 buckler (worn)
 g - a +0 pair of gloves (worn)
Scrolls
 f - a scroll of fear {unknown}
Potions
 d - a potion of might
 e - a potion of curing {unknown}


   Skills:
 + Level 3.0 Fighting
 + Level 2.6 Axes
 + Level 3.0 Armour
 + Level 0.9 Dodging
 + Level 3.2 Shields


You had 2 spell levels left.
You didn't know any spells.
Your spell library was empty.

Dungeon Overview and Level Annotations

Branches:
Dungeon (5/15)
 Temple: D:4-7


Innate Abilities, Weirdness & Mutations

You have an increased reservoir of magic. (+10% MP)
You shall have no god before yourself.
Your divine heritage dramatically boosts your attributes as you level up.


Message History

You miss something. Something hits you but does no damage.
You block the orc's attack.
The orc hits you from afar with a +0 trident!
* * * LOW HITPOINT WARNING * * *
You hear some strange, mumbled words.
You are confused.
You closely miss something. Something hits you but does no damage.
The orc barely misses you.
You bump into the rock wall.
Something hits you but does no damage. The orc barely misses you.
You bump into the rock wall.
Something hits you but does no damage. The orc misses you.
You bump into the rock wall.
Something hits you but does no damage.
The orc hits you from afar with a +0 trident.
* * * LOW HITPOINT WARNING * * *
You miss something.
You feel less confused. Something hits you.
* * * LOW HITPOINT WARNING * * *
The orc hits you from afar with a +0 trident.
* * * LOW HITPOINT WARNING * * *
The orc priest looks satisfied for a moment.
You closely miss something.
You hear some strange, mumbled words.
A magic dart appears from out of thin air!
The magic dart hits you.
* * * LOW HITPOINT WARNING * * *
The orc barely misses you. Something hits you but does no damage.
The orc hits you from afar with a +0 trident.
* * * LOW HITPOINT WARNING * * *
You slash something!
Reactivating autopickup.
You feel a bit more experienced. The orc hits you but does no damage.
The orc barely misses you.
Things that are here:
a +0 dagger; a +0 robe You hit the orc.
The orc is moderately wounded.
You block the orc's attack. The orc hits you with a +0 trident.
You die...

### #....#..
#.. +....#.#
#.####....#.#
#...........#
#>...##.#.### #
#.##.......$#
#.#.####+##.#.#
#.#.### #.#)#
#.....+ +.#@#
###.### ###o#
#.# #o# #.# ...
#.### #.. #...#
##.. #.#.+ .. #
#.### ... #.#
#.#


You could see an orc priest and an orc.

Vanquished Creatures
  An orc wizard (D:4)
  3 adders
  A dart slug (D:1)
  An orc (D:4)
  A bat (D:1)
  2 endoplasms
  A giant cockroach (D:1)
  A goblin (D:3)
  2 hobgoblins (D:1)
  4 jackals (D:1)
  2 quokkas
  A frilled lizard (D:2)
  A kobold (D:1)
21 creatures vanquished.

Notes
Turn   | Place    | Note
-------+----------+-------------------------------------------
     0 | D:1      | AstroCodex24 the Demigod Fighter began the quest for the
                  | Orb.
     0 | D:1      | Reached XP level 1. HP: 18/18 MP: 3/3
   124 | D:1      | Reached XP level 2. HP: 25/25 MP: 4/4
   336 | D:3      | Reached XP level 3. HP: 7/31 MP: 5/5
   472 | D:5      | Entered Level 5 of the Dungeon
   523 | D:4      | Slain by an orc

Illustrated notes

Levels and vault maps discovered:
D:1:      dpeg_arrival_renting, layout_loops_ring
D:2:      layout_loops_ring
D:3:      layout_basic, ebering_ecumenical_altar_box,
          hellmonk_ghost_happy_afterlife
D:4:      layout_basic, minmay_temple_entry_stoned_glass
D:5:      layout_layer_cave, serial_shops, shop, shop, shop, shop, uniq_duvessa,
          uniq_grinder

Skill      XL: |  1  2 |
---------------+-------+-----
Axes           | 2 |  2.6
Fighting       | 3 |  3.0
Armour         | 3 |  3.0
Shields        | 3 |  3.2
Dodging        | |  0.9

Action                     || total
---------------------------++-------
  Melee: War axe           ||    76
    Use: Potion            ||     1
 Armour: Scale mail        ||    69
  Dodge: Dodged            ||    37
  Block: Buckler           ||    20

Table legend: (Time is in decaauts)
 A = Elapsed time spent in this place.
 B = Non-inter-level travel time spent in this place.
 C = Inter-level travel time spent in this place.
 D = Time resting spent in this place.
 E = Time spent auto-exploring this place.
 F = Levels seen in this place.
 G = Mean time per level.
                   A        B        C        D        E       F      G
               +--------+--------+--------+--------+--------+-----+--------+
         Total |    554 |    554 |      0 |      0 |      0 |   5 |  110.8 |
       Dungeon |    554 |    554 |      0 |      0 |      0 |   5 |  110.8 |
               +--------+--------+--------+--------+--------+-----+--------+

Top non-repeatable levels by time:
     D:1: 209 daAuts
     D:3: 151 daAuts
     D:4: 123 daAuts
     D:2: 68 daAuts
     D:5: 1 daAuts
